AoeStats
← ajbdkla3652

Arabia

510216721Analyzed
1v1 RM · 3d ago on Sep 30, 2026· 49m 14s· 2 players
Game mode
Random Map
Map size
Tiny (2 player)
Population
200
Speed
Normal
Resources
Standard
Victory
Conquest
Starting age
Dark Age
Ending age
Imperial Age
RankedLock teamsTeams togetherTeam positionsShared explorationLock speedFull tech treeHidden civsTurbo modeCheats
Victory
Defeat
🇺🇸 Khmer · United States
1211
+19
🇦🇷 Romans · Argentina
1274
-19
ajbdkla3652
7:06 Loom
9:47 Feudal Age
10:17 Double-Bit Axe
10:21 Horse Collar
15:41 Fletching
18:02 Wheelbarrow
21:22 Castle Age
20:22 Scale Barding Armor
20:49 Bloodlines
21:01 Forging
21:24 Gold Mining
22:55 Chain Barding Armor
26:39 Iron Casting
27:48 Stone Mining
28:44 Bow Saw
29:21 Hand Cart
34:50 Imperial Age
32:02 Light Cavalry
34:13 Husbandry
35:09 Bodkin Arrow
39:31 Blast Furnace
41:09 Plate Barding Armor
40:32 Heavy Scorpion
41:47 Hussar
44:56 Double Crossbow
45:27 Redemption
47:34 Siege Engineers
48:02 Conscription
Marcox
10:17 Feudal Age
10:29 Man-at-Arms
11:07 Loom
11:38 Scale Mail Armor
12:03 Double-Bit Axe
15:19 Horse Collar
22:27 Castle Age
20:33 Gold Mining
22:20 Forging
24:38 Bow Saw
24:14 Long Swordsman
28:06 Gold Shaft Mining
32:23 Chain Mail Armor
33:18 Iron Casting
34:08 Fletching
36:46 Bodkin Arrow
40:07 Imperial Age
37:32 Pikeman
38:26 Heavy Plow
38:23 Town Watch
39:37 Ballistas
40:05 Ballistics
39:57 Masonry
40:16 Fortified Wall
40:44 Squires
42:35 Heavy Scorpion
44:14 Onager
47:07 Chemistry
Connection lost

Rejoining the realm…

Still unreachable

The connection could not be restored.

Session expired

The server has moved on; the page needs a fresh start.